 Dungeon Crawl Stone Soup version 0.30-a0-800-g7c544603b3 (webtiles) character file.

Game seed: 9570684465824979515

530 Newt the Skirmisher (level 7, -4/44 HPs)
             Began as a Kobold Hunter on Feb 21, 2023.
             Slain by a lemure (7 damage)
             ... led by Pikel
             ... on level 4 of the Dungeon.
             The game lasted 00:03:16 (3639 turns).

Newt the Skirmisher (Kobold Hunter)                 Turns: 3639, Time: 00:03:17

Health: -4/44      AC:  4    Str:  9    XL:     7   Next: 48%
Magic:  7/7        EV: 15    Int: 10    God:
Gold:   171        SH:  0    Dex: 26    Spells: 6/6 levels left

rFire   . . .      SeeInvis .    a - +1 shortbow
rCold   . . .      Faith    .    (shield currently unavailable)
rNeg    . . .      Spirit   .    c - +0 leather armour
rPois   .          Reflect  .    (no helmet)
rElec   .          Harm     .    (no cloak)
rCorr   .          Rampage  .    (no gloves)
Will    .....                    s - +0 pair of boots
Stlth   +++                      g - amulet of the acrobat
HPRegen 0.27/turn                o - +6 ring of dexterity
MPRegen 0.10/turn                (no ring)

@: no status effects
A: small, no large weapons, nightstalker 3
a: no special abilities


You were on level 4 of the Dungeon.
You visited 1 branch of the dungeon, and saw 4 of its levels.

You collected 171 gold pieces.

Inventory:

Hand Weapons
 a - a +1 shortbow (weapon)
Armour
 c - a +0 leather armour (worn)
 s - a +0 pair of boots (worn)
Jewellery
 g - an amulet of the acrobat (around neck)
 o - a +6 ring of dexterity (left hand)
Wands
 h - a wand of mindburst (10)
 u - a wand of paralysis (15)
Scrolls
 b - 4 scrolls of immolation
 d - 4 scrolls of identify
 k - a scroll of amnesia
 p - 2 scrolls of teleportation
 q - 2 scrolls of silence
 t - a scroll of enchant armour {unknown}
Potions
 e - a potion of curing
 f - 2 potions of flight
 i - a potion of haste {unknown}
 j - a potion of invisibility
 l - a potion of resistance
 m - 2 potions of attraction {unknown}
 n - a potion of ambrosia {unknown}
 r - 2 potions of mutation {unknown}
 v - a potion of berserk rage {unknown}


   Skills:
 - Level 5.0 Fighting
 + Level 9.7 Ranged Weapons
 - Level 2.4 Dodging
 - Level 1.3 Stealth


You had 6 spell levels left.
You didn't know any spells.
Your spell library contained the following spells:

 Spells                   Type           Power      Damage    Failure   Level
 Sting                    Tmut/Pois      0%         1d3       47%         1
 Poisonous Vapours        Pois/Air       0%         N/A       63%         2
 Olgreb's Toxic Radiance  Pois           0%         N/A       99%         4


Dungeon Overview and Level Annotations

Branches:
Dungeon (4/15)             Temple (0/1) D:4

Altars:
Elyvilon
Uskayaw
The Shining One

Annotations:
D:4 Pikel


Innate Abilities, Weirdness & Mutations

You are small and have problems with some larger weapons.
You are completely attuned to the shadows.


Message History

You shoot an arrow. The arrow hits the lemure!
The lemure is heavily wounded.
You hear a shout! x2
You shoot an arrow. The arrow completely misses the lemure.
Pikel, Merchant of Souls comes into view.
He is wielding a +1 whip of freezing and wearing a +2 robe of resistance.
A lemure comes into view.
You shoot an arrow. The arrow hits the lemure!
The lemure is severely wounded.
The lemure closely misses you.
You shoot an arrow. The arrow hits the lemure!
You kill the lemure!
That felt strangely unrewarding.
The lemure barely misses you.
A lemure comes into view.
You shoot an arrow. The arrow hits the lemure.
The lemure is lightly wounded.
The lemure barely misses you.
Unknown command.
You shoot an arrow. The arrow hits Pikel.
Pikel is lightly wounded.
Pikel hits you with a +1 whip of freezing.
Pikel freezes you.
You shoot an arrow. The arrow hits Pikel.
Pikel is lightly wounded.
Pikel hits you with a +1 whip of freezing!
Pikel freezes you. The lemure misses you. x2
You shoot an arrow. The arrow hits Pikel!
Pikel is heavily wounded.
The lemure hits you. Pikel closely misses you. The lemure hits you.
Aiming: Mindburst
Press: ? - help, Shift-Dir - straight line, f/p - Pikel
Aim: Pikel, wielding a +1 whip of freezing and wearing a +2 robe of resistance (heavily wounded, chance to affect: 64%) Pikel's mind is blasted!
Pikel hits you with a +1 whip of freezing!
* * * LOW HITPOINT WARNING * * *
Pikel freezes you.
* * * LOW HITPOINT WARNING * * *
The lemure hits you.
* * * LOW HITPOINT WARNING * * *
The lemure hits you!
You die...

#...##..##....#..._...#...#..
#.............#.......##..#..
#.............##.....## #..
#...##...<.....##...## #..
#...##.......##.##### #..
#...######...##### #.. #...
##........ #.. .......... #..
...5@..... #.. 8.8K5####+ #..
⌠.⌠.5# .. ##+##† .....#
..##..##. >....# .........
......... ......... .###.####
####.####


You could see Pikel and 3 lemures.

Vanquished Creatures
  2 black bears (D:4)
  A lemure (D:4)
  A scorpion (D:4)
  A jelly (D:4)
  An orc priest (D:4)
  3 orc wizards (D:4)
  4 adders (D:2)
  4 gnolls (D:3)
  4 dart slugs
  7 orcs
  5 ball pythons
  6 endoplasms
  5 giant cockroaches
  7 goblins
  8 hobgoblins
  3 jackals (D:4)
  A kobold (D:3)
  A quokka (D:2)
  9 bats
  2 frilled lizards
  4 rats
79 creatures vanquished.

Notes
Turn   | Place    | Note
-------+----------+-------------------------------------------
     0 | D:1      | Newt the Kobold Hunter began the quest for the Orb.
     0 | D:1      | Reached XP level 1. HP: 12/12 MP: 1/1
   123 | D:1      | Reached XP level 2. HP: 16/18 MP: 2/2
   287 | D:1      | Found a faded altar of an unknown god.
   463 | D:1      | Reached XP level 3. HP: 23/23 MP: 3/3
   863 | D:2      | Reached XP level 4. HP: 30/30 MP: 4/4
  1295 | D:2      | Reached skill level 5 in Fighting
  1917 | D:3      | Found a white marble altar of Elyvilon.
  1925 | D:3      | Reached XP level 5. HP: 35/35 MP: 5/5
  1989 | D:3      | Reached skill level 6 in Ranged Weapons
  2660 | D:4      | Reached skill level 7 in Ranged Weapons
  2660 | D:4      | Reached XP level 6. HP: 35/40 MP: 6/6
  2776 | D:4      | Noticed a black bear
  2786 | D:4      | Killed a black bear
  2787 | D:4      | Reached skill level 8 in Ranged Weapons
  3165 | D:4      | Found a hide-covered altar of Uskayaw.
  3183 | D:4      | Noticed a black bear
  3191 | D:4      | Killed a black bear
  3192 | D:4      | Reached skill level 9 in Ranged Weapons
  3192 | D:4      | Reached XP level 7. HP: 30/44 MP: 7/7
  3341 | D:4      | Found a glowing golden altar of the Shining One.
  3629 | D:4      | Found a staircase to the Ecumenical Temple.
  3632 | D:4      | Noticed Pikel
  3639 | D:4      | Slain by a lemure

Illustrated notes

Levels and vault maps discovered:
D:1:      shiori_arrival_elements, layout_basic, basic_ecumenical_altar
D:2:      layout_loops_ring, minmay_pentomino_o2
D:3:      layout_basic, mainiacjoe_overflow_boulevard, chequers_mini_garden
D:4:      layout_gridville, kennysheep_mini_moat,
          nicolae_uskayaw_murder_on_the_dancefloor, lemuel_round_altar,
          minmay_temple_entry_drinking_statues, uniq_pikel

Skill      XL: |  1  2  3  4  5  6 |
---------------+-------------------+-----
Fighting       | 3 4 5 |  5.0
Ranged Weapons | 7 9 |  9.7
Dodging        | |  2.4
Stealth        | |  1.3

Action                     |  1- 3 |  4- 6 |  7- 9 || total
---------------------------+-------+-------+-------++-------
  Melee: Shortbow          |       |       |     3 ||     3
   Fire: Shortbow          |    53 |   116 |    32 ||   201
  Evoke: Wand              |       |     2 |     1 ||     3
    Use: Scroll            |     7 |     5 |       ||    12
 Armour: Leather armour    |     1 |     5 |     8 ||    14
  Dodge: Dodged            |    18 |    52 |    32 ||   102

Table legend: (Time is in decaauts)
 A = Elapsed time spent in this place.
 B = Non-inter-level travel time spent in this place.
 C = Inter-level travel time spent in this place.
 D = Time resting spent in this place.
 E = Time spent auto-exploring this place.
 F = Levels seen in this place.
 G = Mean time per level.
                   A        B        C        D        E       F      G
               +--------+--------+--------+--------+--------+-----+--------+
         Total |   3685 |   3594 |     91 |    730 |   2429 |   4 |  921.2 |
       Dungeon |   3685 |   3594 |     91 |    730 |   2429 |   4 |  921.2 |
               +--------+--------+--------+--------+--------+-----+--------+

Top non-repeatable levels by time:
     D:3: 1065 daAuts
     D:4: 1019 daAuts
     D:2: 840 daAuts
     D:1: 759 daAuts
